 Dungeon Crawl Stone Soup version 0.28.0-49-g6dfe1f597d (webtiles) character file.

Game seed: 142565122926701123

3448 LoneCookie the Cleaver (level 9, -9/81 HPs)
             Began as a Minotaur Berserker on May 17, 2022.
             Was an Elder of Trog.
             Killed from afar by a gargoyle (20 damage)
             ... with a stone arrow
             ... on level 10 of the Dungeon.
             The game lasted 00:35:01 (8700 turns).

LoneCookie the Cleaver (Minotaur Berserker)         Turns: 8700, Time: 00:35:01

Health: -9/81      AC: 17    Str: 26    XL:     9   Next: 77%
Magic:  8/8        EV:  9    Int:  4    God:    Trog [****..]
Gold:   488        SH:  0    Dex: 16    Spells: 8/8 levels left

rFire   + . .      SeeInvis .   J - +1 war axe of Guile {vorpal, *Noise rPois rC+}
rCold   . . .      Faith    .   (no shield)
rNeg    . . .      Spirit   .   z - +0 plate armour
rPois   +          Reflect  .   (helmet restricted)
rElec   .          Harm     .   (no cloak)
rCorr   .          Rampage  .   m - +0 pair of gloves
Will    .....                   s - +0 pair of boots
Stlth   ..........              (no amulet)
HPRegen 0.23/turn               e - ring of fire
MPRegen 0.11/turn               b - +6 ring of dexterity

@: no status effects
A: horns 2, retaliatory headbutt
a: Renounce Religion, Berserk, Trog's Hand, Brothers in Arms


You were on level 10 of the Dungeon.
You worshipped Trog.
Trog was greatly pleased with you.
You visited 2 branches of the dungeon, and saw 11 of its levels.

You collected 488 gold pieces.

Inventory:

Hand Weapons
 J - the +1 war axe of Guile (weapon) {vorpal, *Noise rPois rC+}
   (You found it on level 7 of the Dungeon)

   It inflicts extra damage upon your enemies.
   rC:        It protects you from cold.
   rPois:     It protects you from poison.
   *Noise:    It may make noises in combat.
Missiles
 I - 2 throwing nets (quivered)
Armour
 m - a +0 pair of gloves (worn)
 s - a +0 pair of boots (worn)
 z - a +0 plate armour (worn)
 G - an orb of light
Jewellery
 b - a +6 ring of dexterity (right hand)
 e - a ring of fire (left hand)
 g - a ring of flight
 j - a ring of fire
 v - a ring of wizardry
 K - a ring of poison resistance
Wands
 u - a wand of flame (29)
 D - a wand of acid (18)
 H - a wand of iceblast (10)
Scrolls
 c - a scroll of immolation {unknown}
 d - 3 scrolls of teleportation {unknown}
 f - a scroll of enchant armour {unknown}
 h - a scroll of silence {unknown}
 k - 2 scrolls of fear {unknown}
 n - a scroll of amnesia {unknown}
 o - 3 scrolls of holy word
 q - a scroll of brand weapon {unknown}
 t - 5 scrolls of identify {unknown}
 y - a scroll of vulnerability {unknown}
 A - a scroll of magic mapping {unknown}
 B - a scroll of blinking {unknown}
 C - a scroll of summoning {unknown}
 E - 2 scrolls of fog {unknown}
Potions
 a - a potion of might {unknown}
 i - 4 potions of cancellation
 l - 3 potions of attraction {unknown}
 p - 3 potions of brilliance {unknown}
 r - a potion of ambrosia
 w - a potion of flight {unknown}
 x - a potion of degeneration {unknown}
 F - a potion of heal wounds {unknown}
 L - a potion of haste {unknown}


   Skills:
 + Level 8.0 Fighting
 + Level 10.9 Axes
 + Level 9.4 Armour
 + Level 4.9 Dodging
 + Level 2.8 Stealth
 + Level 0.1 Evocations


You had 8 spell levels left.
You didn't know any spells.
Your spell library contained the following spells:

 Spells                   Type           Power      Damage    Failure   Level
 Animate Skeleton         Necr           0%         N/A       99%         1
 Freeze                   Ice            0%         1d3       99%         1
 Sting                    Tmut/Pois      0%         1d3       99%         1
 Blink                    Tloc           0%         N/A       100%        2
 Ensorcelled Hibernation  Hex/Ice        0%         N/A       100%        2
 Frozen Ramparts          Ice            0%         1d2       100%        3
 Lesser Beckoning         Tloc           0%         N/A       100%        3
 Spider Form              Tmut/Pois      0%         N/A       100%        3
 Tukima's Dance           Hex            0%         N/A       100%        3
 Anguish                  Hex/Necr       0%         N/A       100%        4
 Hailstorm                Conj/Ice       0%         3d3       100%        4
 Manifold Assault         Tloc           0%         N/A       100%        5
 Enfeeble                 Hex            0%         N/A       100%        7


Dungeon Overview and Level Annotations

Branches:
Dungeon (10/15)            Temple (1/1) D:4            Lair (0/6) D:9
    Orc: D:9-12

Altars:
Dithmenos
Qazlal
Ru
Sif Muna
Trog
Wu Jian
The Shining One

Shops:
D:1 [   D:9 (


Innate Abilities, Weirdness & Mutations

You have a pair of horns on your head.
You reflexively headbutt those who attack you in melee.


Message History

The elephant trunk-slaps you but does no damage.
You turn to flesh and can move again.
There is a stone staircase leading down here.
You can't go up here!
The black bear barely misses you.
The black bear claws you but does no damage.
The black bear barely misses you. The elephant completely misses you.
The elephant trunk-slaps you but does no damage.
You climb downwards.
Found a scroll labelled SAKANT TEIDE and a scroll labelled USUVUEL NAMESCHU.
Found a stone staircase leading down.
There is a stone staircase leading up here.
The black bear bites you but does no damage.
The black bear claws you but does no damage.
The black bear completely misses you.
The black bear bites you but does no damage.
The black bear claws you but does no damage. x2
The elephant tramples you!
You stumble backwards!
A gargoyle comes into view. It is wielding a +0 mace.
The elephant tramples you but does no damage.
The elephant barely misses you. The black bear bites you.
The black bear claws you but does no damage. x2
The elephant tramples you.
You stumble backwards!
The elephant tramples you.
You stumble backwards!
You slash the elephant!
The elephant is lightly wounded.
The elephant tramples you!
* * * LOW HITPOINT WARNING * * *
You hold your ground!
The elephant trunk-slaps you but does no damage.
The black bear completely misses you.
The black bear claws you but does no damage.
The black bear completely misses you. The elephant tramples you.
* * * LOW HITPOINT WARNING * * *
You hold your ground!
The elephant trunk-slaps you but does no damage.
The gargoyle hurls a stone arrow at you.
The stone arrow hits you!!
You die...

##.......
#...........
#............
#.............#
##.............#
#...............
#.9........?...
#@............#
#.h...........#
#.Y.....?....#
##.....<....#
############


You could see an elephant, a black bear and a gargoyle.

Vanquished Creatures
  A troll (D:9)
  A yak (D:9)
  A steam dragon (D:9)
  A water moccasin (D:4)
  2 sky beasts (D:6)
  3 orc warriors
  An ice beast (D:8)
  A black bear (D:6)
  A phantom (D:6)
  2 ogres (D:5)
  A kobold brigand (D:6)
  2 bullfrogs (D:8)
  2 gnoll sergeants
  A scorpion (D:6)
  2 water moccasin skeletons
  12 killer bees (D:9)
  A bullfrog zombie (D:5)
  A centaur skeleton (D:7)
  3 centaur zombies (D:6)
  4 hounds
  2 jellies
  An orc priest (D:5)
  A gnoll shaman (D:4)
  4 iguanas
  6 orc wizards
  2 killer bee zombies (D:8)
  A hound skeleton (D:5)
  A howler monkey zombie (D:6)
  11 gnolls
  7 adders
  A white imp (D:6)
  An adder zombie (D:5)
  21 orcs
  10 endoplasms
  A giant cockroach (D:1)
  2 hobgoblins
  7 kobolds
  4 quokkas
  5 ball pythons
  3 bats
  3 frilled lizards
  8 goblins
  7 rats
152 creatures vanquished.

Vanquished Creatures (others)
  A hobgoblin (D:3)
1 creature vanquished.

Grand Total: 153 creatures vanquished

Notes
Turn   | Place    | Note
-------+----------+-------------------------------------------
     0 | D:1      | LoneCookie the Minotaur Berserker began the quest for the
                  | Orb.
     0 | D:1      | Reached XP level 1. HP: 19/19 MP: 0/0
   182 | D:1      | Reached XP level 2. HP: 26/27 MP: 1/1
   233 | D:1      | Found Nanem's Armour Shop.
   699 | D:2      | Reached skill level 4 in Axes
   700 | D:2      | Reached XP level 3. HP: 24/34 MP: 2/2
   799 | D:2      | Reached ** piety under Trog
  1844 | D:3      | Reached XP level 4. HP: 41/41 MP: 3/3
  2317 | D:3      | Identified the +3 hand axe "Elocull" {spect, rPois}
  2723 | D:3      | Reached skill level 5 in Axes
  2723 | D:3      | Reached XP level 5. HP: 47/47 MP: 4/4
  3092 | D:4      | Noticed a water moccasin
  3097 | D:4      | Killed a water moccasin
  3098 | D:4      | Reached skill level 6 in Axes
  3098 | D:4      | Reached skill level 1 in Stealth
  3098 | D:4      | Reached XP level 6. HP: 44/55 MP: 5/5
  3351 | D:4      | Reached skill level 5 in Fighting
  3484 | D:4      | Found a shimmering blue altar of Sif Muna.
  3498 | D:4      | Got Sif Muna's Catalogue of Darkness and Intoxication
  3517 | D:4      | Noticed an orc warrior
  3534 | D:4      | Killed an orc warrior
  3901 | D:4      | Found a bloodstained altar of Trog.
  3939 | D:4      | Found a staircase to the Ecumenical Temple.
  4412 | Temple   | Entered the Ecumenical Temple
  4623 | D:5      | Entered Level 5 of the Dungeon
  4641 | D:5      | Reached skill level 7 in Axes
  4641 | D:5      | Reached XP level 7. HP: 61/61 MP: 6/6
  4924 | D:5      | Reached skill level 5 in Armour
  4927 | D:5      | Reached *** piety under Trog
  5178 | D:5      | Reached XP level 8. HP: 70/70 MP: 7/7
  5516 | D:6      | Reached skill level 8 in Axes
  6020 | D:6      | Reached skill level 9 in Axes
  6672 | D:7      | Identified the +1 war axe of Guile {vorpal, *Noise rPois
                  | rC+}
  6835 | D:7      | You fall into a shaft and drop 2 floors!
  6836 | D:9      | Noticed a troll
  6869 | D:9      | Reached XP level 9. HP: 11/78 MP: 8/8
  6905 | D:9      | Killed a troll
  7413 | D:9      | Reached skill level 10 in Axes
  7483 | D:8      | Reached **** piety under Trog
  8495 | D:9      | Found Ugeck's Weapon Boutique.
  8633 | D:9      | Found a staircase to the Lair.
  8633 | D:9      | Noticed an elephant
  8690 | D:10     | Entered Level 10 of the Dungeon
  8694 | D:10     | Noticed a gargoyle
  8700 | D:10     | Killed from afar by a gargoyle

Illustrated notes

Levels and vault maps discovered:
D:1:      pf_arrival_petrified_forest, layout_rooms, serial_shops, shop
D:2:      layout_rooms, minmay_diced_spiral
D:3:      layout_basic, nrook_mini_vaults, lemuel_flame_loot_1
D:4:      layout_gridville, nzn_overflow_gifts_of_might_and_magic,
          minmay_temple_entry_trees, minmay_stone_trees_small
D:5:      layout_gridville, guppyfry_early_orc_mine
D:6:      layout_rooms, minmay_pentangle
D:7:      layout_basic
D:8:      layout_basic, serial_aquarium, aquarium_bridge_straight
          [aquarium_subvault_bridge, aquarium_subvault_wall,
          aquarium_subvault_bridge, aquarium_subvault_wall],
          aquarium_window_fake, aquarium_window_fake, aquarium_view_2c,
          aquarium_view_2g, aquarium_balcony_3a, aquarium_pool_2
D:9:      layout_stronghold, david_lair_generic, enter_bailey_3, serial_shops,
          nicolae_shop_bloodbath_and_beyond
D:10:     layout_cave_pods
Temple:   mainiacjoe_temple_cubbyholes

Skill      XL: |  1  2  3  4  5  6  7  8  9 |
---------------+----------------------------+-----
Fighting       | 4 5 6 8 |  8.0
Axes           | 4 5 6 7 9 10 | 10.9
Dodging        | 3 4 |  4.9
Armour         | 3 4 5 7 9 |  9.4
Stealth        | 1 2 |  2.8
Evocations     | |  0.1

Action                   |  1- 3 |  4- 6 |  7- 9 || total
-------------------------+-------+-------+-------++-------
Melee: Hand axe          |    11 |    48 |   102 ||   161
       Headbutt          |     8 |     7 |    45 ||    60
       War axe           |    48 |     1 |    70 ||   119
Evoke: Wand              |       |       |     1 ||     1
  Use: Potion            |     1 |     2 |     4 ||     7
       Scroll            |       |       |     1 ||     1
 Stab: Distracted        |       |     1 |     4 ||     5
Armor: Animal skin       |    12 |       |       ||    12
       Ring mail         |     8 |    10 |       ||    18
       Plate armour      |       |     2 |   257 ||   259
Dodge: Dodged            |    48 |    33 |   181 ||   262
